 Dungeon Crawl Stone Soup version 0.28.0-43-g3370ac3207 (webtiles) character file.

Game seed: 4145412456913640794

147 choreboyy the Sneak (level 5, -11/36 HPs)
             Began as an Octopode Brigand on Mar 30, 2022.
             Mangled by Duvessa
             ... wielding a +0 short sword
              (12 damage)
             ... on level 4 of the Dungeon.
             The game lasted 00:10:57 (2351 turns).

choreboyy the Sneak (Octopode Brigand)              Turns: 2351, Time: 00:10:58

Health: -11/36     AC:  1    Str: 11    XL:     5   Next: 29%
Magic:  6/6        EV: 13    Int: 13    God:
Gold:   88         SH:  0    Dex: 15    Spells: 6/6 levels left

rFire   . . .      SeeInvis .   a - +2 dagger
rCold   . . .      Faith    .   (no shield)
rNeg    . . .      Spirit   .   (helmet restricted)
rPois   .          Reflect  .   (no amulet)
rElec   .          Harm     .   l - ring of resist corrosion
rCorr   +          Rampage  .   (no ring)
Will    .....                   (no ring)
Stlth   ++........              (no ring)
HPRegen 0.12/turn               (no ring)
MPRegen 0.10/turn               (no ring)
                                (no ring)
                                (no ring)

@: confused, ambrosia-drunk
A: almost no armour, amphibious, 8 rings, camouflage 1, gelatinous body 1,
(nimble swimmer 1), tentacles
a: no special abilities


You were on level 4 of the Dungeon.
You visited 1 branch of the dungeon, and saw 4 of its levels.

You collected 88 gold pieces.

Inventory:

Hand Weapons
 a - a +2 dagger (weapon)
Missiles
 b - 12 poisoned darts (quivered)
 c - a curare-tipped dart
Armour
 j - the +2 pair of gloves of Resilience {rElec rF+}
   (You found it on level 2 of the Dungeon)

   rF:        It protects you from fire.
   rElec:     It insulates you from electricity.
Jewellery
 l - a ring of resist corrosion (left tentacle)
 n - a ring of protection from fire
 r - a ring of wizardry
Wands
 m - a wand of paralysis (7)
Scrolls
 d - a scroll of vulnerability {unknown}
 e - 4 scrolls of identify {unknown}
 f - 2 scrolls of enchant armour {unknown}
 h - 2 scrolls of magic mapping {unknown}
 i - a scroll of immolation {unknown}
 p - a scroll of fog {unknown}
Potions
 g - a potion of resistance {unknown}
 k - a potion of degeneration {unknown}
 o - a potion of attraction {unknown}
 q - a potion of ambrosia
 s - a potion of invisibility {unknown}


   Skills:
 + Level 3.0 Fighting
 + Level 3.0 Short Blades
 - Level 2.5 Throwing
 + Level 2.3 Dodging
 + Level 5.9 Stealth
 + Level 1.0 Spellcasting


You had 6 spell levels left.
You didn't know any spells.
Your spell library contained the following spells:

 Spells                   Type           Power      Damage    Failure   Level
 Dispersal                Tloc           0%         N/A       100%        6
 Disjunction              Tloc           0%         N/A       100%        8


Dungeon Overview and Level Annotations

Branches:
Dungeon (4/15)
 Temple: D:4-7

Altars:
Elyvilon
Makhleb

Shops:
D:3 *

Annotations:
D:3 1 runed translucent door, Crazy Yiuf
D:4 Dowan, Duvessa


Innate Abilities, Weirdness & Mutations

You cannot wear most types of armour.
You are amphibious.
You can wear up to eight rings at the same time.
Your skin changes colour to match your surroundings (Stealth+).
Your rubbery body absorbs attacks. (AC +1, EV +1)
((You are camouflaged when in or above water. (Stealth+)))
You have tentacles for arms and can constrict up to eight enemies at once.


Message History

You constrict Duvessa.
Dowan gestures wildly while chanting.
Dowan blinks!
Duvessa hits you with a +0 short sword.
Throw: 13 darts (poison)
Press: ? - help, Q - select action, (/) - cycle Shift-Dir - straight line, f - Dowan, p - Duvessa
Aim: Dowan, wielding a +4 dagger and wearing a +0 robe (50% to hit)
You throw a poisoned dart. The poisoned dart hits Dowan.
You constrict Duvessa, but do no damage.
Dowan hits you with a +4 dagger!
* * * LOW HITPOINT WARNING * * *
Duvessa barely misses you.
You release your grip on Duvessa.
Dowan closely misses you.
Aiming: Paralyse
Press: ? - help, Q - select action, (/) - cycle Shift-Dir - straight line, f - Duvessa, p - Dowan
Aim: Duvessa, wielding a +0 short sword and wearing a +0 ring mail (almost dead, fast, poisoned, slow, chance to affect: 31%) Dowan resists with some effort.
Aiming: Paralyse
Press: ? - help, Q - select action, (/) - cycle Shift-Dir - straight line, f/p - Duvessa
Aim: Duvessa, wielding a +0 short sword and wearing a +0 ring mail (almost dead, fast, poisoned, slow, chance to affect: 31%) Duvessa easily resists.
Duvessa looks more healthy.
Duvessa is no longer moving slowly.
You hit Duvessa but do no damage. You grab Duvessa.
Duvessa is almost dead.
You constrict Duvessa, but do no damage.
Duvessa struggles to escape constriction.
Dowan mumbles some strange words.
Dowan blinks!
Duvessa misses you.
You release your grip on Duvessa.
Duvessa hits you with a +0 short sword.
* * * LOW HITPOINT WARNING * * *
It was a potion of ambrosia.
You are confused.
You feel invigorated.
Duvessa says, "Where magic fails, the sword succeeds!"
Duvessa hits you with a +0 short sword!
* * * LOW HITPOINT WARNING * * *
Dowan hits you with a +4 dagger.
* * * LOW HITPOINT WARNING * * *
Duvessa hits you with a +0 short sword!
You die...

#.####### .. #..# ##
#...(..(# #. #..# #
#######.# #.###..# #
###.# #......# #...#
##....##
#.######.####
#§..†....#
###e.####### #.e@.#
#.##.# # #. #.#
###### # #. ..#
#....######## ##
#####.##.##......
#...#.##.##.#####
####.#.#.##.........
#....#.#.#####.#.##.
#.####.#.# #....#.


You could see Duvessa (fast) and Dowan.

Vanquished Creatures
  A necrophage (D:4)
  An adder (D:4)
  An adder skeleton (D:4)
  5 orcs (D:3)
  7 ball pythons
  2 bats
  5 endoplasms
  A giant cockroach (D:1)
  2 goblins
  4 hobgoblins
  3 kobolds
  A quokka (D:3)
  3 frilled lizards
  5 rats
41 creatures vanquished.

Notes
Turn   | Place    | Note
-------+----------+-------------------------------------------
     0 | D:1      | choreboyy the Octopode Brigand began the quest for the Orb.
     0 | D:1      | Reached XP level 1. HP: 14/14 MP: 1/1
   182 | D:1      | Reached XP level 2. HP: 19/19 MP: 2/2
   846 | D:2      | Found a faded altar of an unknown god.
   891 | D:2      | Identified the +2 pair of gloves of Resilience {rElec rF+}
  1152 | D:2      | Reached XP level 3. HP: 21/25 MP: 3/3
  1351 | D:3      | Found a white marble altar of Elyvilon.
  1404 | D:3      | Found a runed translucent door.
  1405 | D:3      | Noticed Crazy Yiuf
  1694 | D:3      | Found Sywnoits's General Store.
  1928 | D:3      | Found a burning altar of Makhleb.
  2197 | D:4      | Reached XP level 4. HP: 30/30 MP: 4/4
  2213 | D:4      | Noticed a necrophage
  2223 | D:4      | Killed a necrophage
  2224 | D:4      | Reached skill level 1 in Spellcasting
  2224 | D:4      | Reached XP level 5. HP: 23/36 MP: 4/6
  2332 | D:4      | Noticed Duvessa
  2332 | D:4      | Noticed Dowan
  2351 | D:4      | HP: 1/36 [Dowan/+4 dagger (5)]
  2351 | D:4      | Mangled by Duvessa

Illustrated notes

Levels and vault maps discovered:
D:1:      saegor_arrival_simple_c, layout_loops_ring
D:2:      layout_basic, basic_ecumenical_altar, mrwooster_statue_mirror
D:3:      layout_loops_ring, elyvilon_altar_1, lightli_temple_of_fire,
          serial_shops, nicolae_shop_trees, uniq_crazy_yiuf_cottage
D:4:      layout_basic, kennysheep_generic_room_11, uniq_duvessa

Skill      XL: |  1  2  3  4 |
---------------+-------------+-----
Fighting       | 3 |  3.0
Short Blades   | 3 |  3.0
Dodging        | 2 |  2.3
Spellcasting   | 1 |  1.0
Throwing       | |  2.5
Stealth        | |  5.9

Action                   |  1- 3 |  4- 6 || total
-------------------------+-------+-------++-------
Melee: Dagger            |    59 |    12 ||    71
       Constrict         |    11 |     3 ||    14
       Tentacles         |     7 |     5 ||    12
       Punch             |     1 |       ||     1
Throw: Dart              |       |     3 ||     3
Evoke: Wand              |       |     2 ||     2
  Use: Potion            |       |     1 ||     1
 Stab: Sleeping          |    23 |       ||    23
Armor: Skin              |     1 |     1 ||     2
Dodge: Dodged            |    17 |     6 ||    23
